 Dungeon Crawl Stone Soup version 0.30-a0-12-gd8047c6341 (webtiles) character file.

Game seed: 1576222455490944671

10 greasedhog the Chucker (level 2, -2/17 HPs)
             Began as a Gargoyle Wanderer on Aug 23, 2022.
             Slain by a quokka (4 damage)
             ... on level 1 of the Dungeon.
             The game lasted 00:00:48 (136 turns).

greasedhog the Chucker (Gargoyle Wanderer)           Turns: 136, Time: 00:00:49

Health: -2/17      AC:  6    Str: 19    XL:     2   Next: 20%
Magic:  2/2        EV: 11    Int: 10    God:
Gold:   6          SH:  0    Dex:  7    Spells: 1/1 levels left

rFire   + . .      SeeInvis .    c - +0 mace
rCold   + . .      Faith    .    (no shield)
rNeg    + . .      Spirit   .    f - +0 leather armour
rPois   ∞          Reflect  .    (no helmet)
rElec   +          Harm     .    a - scarf {rC+ rF+}
rCorr   .          Rampage  .    (no gloves)
Will    .....                    d - +0 pair of boots
Stlth   +.........               (no amulet)
HPRegen 0.05/turn                (no ring)
MPRegen 0.08/turn                (no ring)

@: weak-willed
A: sickness immunity, AC +2, negative energy resistance 1, electricity
resistance, torment resistance 1, petrification resistance
a: no special abilities


You were on level 1 of the Dungeon.
You visited 1 branch of the dungeon, and saw 1 of its levels.

You collected 6 gold pieces.

Inventory:

Hand Weapons
 c - a +0 mace (weapon)
Missiles
 b - 4 curare-tipped darts (quivered)
Armour
 a - a scarf of resistance (worn)
 d - a +0 pair of boots (worn)
 f - a +0 leather armour (worn)
Potions
 e - a potion of brilliance


   Skills:
 * Level 1.9 Fighting
 * Level 2.4 Maces & Flails
 - Level 2.6 Throwing
 - Level 1.0 Dodging
 - Level 2.1 Stealth
 - Level 1.0 Evocations


You had one spell level left.
You didn't know any spells.
Your spell library was empty.

Dungeon Overview and Level Annotations

Branches:
Dungeon (1/15)

Altars:


Innate Abilities, Weirdness & Mutations

You are immune to sickness and miasma.
Your stone body is resilient. (AC +2)
You are immune to poison.
You resist negative energy. (rN+)
You are resistant to electric shocks. (rElec)
You are resistant to unholy torment.
You are immune to petrification.


Message History

The jackal barely misses you.
You barely miss the jackal.
The jackal bites you but does no damage.
The jackal barely misses you.
You closely miss the jackal. The jackal barely misses you.
The jackal bites you.
Okay, then.
Okay, then.
You hit the jackal.
The jackal is almost dead.
The jackal closely misses you.
As you read the scroll labelled TIERUL VEOD, it crumbles to dust.
Magic quickly surges around you.
It was a scroll of vulnerability.
The jackal bites you but does no damage. x2
You closely miss the jackal.
The jackal is almost dead.
The jackal bites you but does no damage. x2
You hit the jackal but do no damage.
The jackal is almost dead.
The jackal bites you but does no damage.
You hit the jackal.
You kill the jackal!
The ball python closely misses you. The ball python grabs you.
The ball python constricts you.
You closely miss the ball python.
The ball python bites you but does no damage.
The ball python constricts you.
You closely miss the ball python. The ball python closely misses you.
The ball python constricts you. The ball python bites you.
* * * LOW HITPOINT WARNING * * *
The ball python constricts you.
You sock the ball python!
You kill the ball python!
The quokka bites you but does no damage.
You closely miss the quokka. The quokka bites you.
* * * LOW HITPOINT WARNING * * *
You closely miss the quokka. The quokka barely misses you. x2
You hit the quokka but do no damage. Your punch misses the quokka.
The quokka bites you.
You die...

#..... #.....
#..... .. #.....
#.# .....## ..
#...## ##.# #.g#
#.. ##r# #.#
#@###.#######
#............
####..†.###.
#####.....#
..####......##..#
.....###..# ...#
##..##...###...#
#.............
###.##.###.# .


You could see a quokka (weak-willed) and a goblin (weak-willed).

Vanquished Creatures
  A dart slug (D:1)
  An endoplasm (D:1)
  4 jackals (D:1)
  A ball python (D:1)
7 creatures vanquished.

Notes
Turn   | Place    | Note
-------+----------+-------------------------------------------
     0 | D:1      | greasedhog the Gargoyle Wanderer began the quest for the
                  | Orb.
     0 | D:1      | greasedhog set off with the following items: a +0 vorpal
                  | dagger, 4 curare-tipped darts, a +0 mace, a +0 pair of
                  | boots, a potion of brilliance, a +0 leather armour.
     0 | D:1      | Reached XP level 1. HP: 12/12 MP: 1/1
   120 | D:1      | Reached XP level 2. HP: 9/17 MP: 2/2
   136 | D:1      | Slain by a quokka

Illustrated notes

Levels and vault maps discovered:
D:1:      erik_arrival_triangle_small, layout_rooms,
          hellmonk_ecumenical_altar_blasted

Action                   || total
-------------------------++-------
Melee: Mace              ||    31
       Punch             ||     2
  Use: Scroll            ||     1
 Stab: Sleeping          ||     1
Armor: Leather armour    ||    12
Dodge: Dodged            ||    23

Table legend: (Time is in decaauts)
 A = Elapsed time spent in this place.
 B = Non-inter-level travel time spent in this place.
 C = Inter-level travel time spent in this place.
 D = Time resting spent in this place.
 E = Time spent auto-exploring this place.
 F = Levels seen in this place.
 G = Mean time per level.
                   A        B        C        D        E       F      G
               +--------+--------+--------+--------+--------+-----+--------+
         Total |    144 |    144 |      0 |      0 |     79 |   1 |  144.0 |
       Dungeon |    144 |    144 |      0 |      0 |     79 |   1 |  144.0 |
               +--------+--------+--------+--------+--------+-----+--------+

Top non-repeatable levels by time:
     D:1: 144 daAuts
